 Dungeon Crawl Stone Soup version 0.18-a0-1159-gf481d65 (webtiles) character file.

114 Reinor the Poker (level 4, -9/38 HPs)
             Began as a Merfolk Abyssal Knight on Jan 24, 2016.
             Was a Believer of Lugonu.
             Killed by nerve-wracking pain
             ... invoked by Grinder
              (11 damage)
             ... while paralysed by Grinder
             ... on level 3 of the Dungeon.
             The game lasted 00:08:37 (2580 turns).

Reinor the Poker (Merfolk Abyssal Knight)           Turns: 2580, Time: 00:08:37

Health: -9/38      AC:  4    Str: 13    XL:     4   Next: 97%
Magic:  12/14      EV:  2    Int: 11    God:    Lugonu [**....]
Gold:   179        SH:  0    Dex: 13    Spells: 0 memorised, 3 levels left

rFire  . . .     SeeInvis .     a - +1 spear
rCold  + . .     Gourm    .     b - +1 leather armour
rNeg   . . .     Faith    .     (no shield)
rPois  .         Spirit   .     h - +0 hat
rElec  .         Dismiss  .     (no cloak)
rCorr  .         Reflect  .     (no gloves)
SustAt .         Harm     .     (no boots)
MR     .....                    (no amulet)
Stlth  +.........               y - ring of magical power
                                m - ring of protection from cold

@: paralysed, not resistant to hostile enchantments, very unstealthy
A: change form in water, swift swim
a: Depart the Abyss, Bend Space, Renounce Religion


You were on level 3 of the Dungeon.
You worshipped Lugonu.
Lugonu was pleased with you.
You were hungry.

You visited 1 branch of the dungeon, and saw 4 of its levels.
You visited the Abyss 1 time.

You collected 179 gold pieces.

Inventory:

Hand Weapons
 a - a +1 spear (weapon)
 s - a +0 blowgun
Missiles
 t - 7 poisoned needles
Armour
 b - a +1 leather armour (worn)
 h - a +0 hat (worn)
Jewellery
 g - an uncursed ring of teleportation
 l - an uncursed ring of wizardry
 m - a ring of protection from cold (left hand)
 y - a ring of magical power (right hand)
Scrolls
 e - 4 scrolls of remove curse
 p - a scroll of fear {unknown}
 q - a scroll of random uselessness {unknown}
 r - a scroll of enchant armour
 w - a scroll of blinking
 x - a scroll of teleportation {unknown}
Potions
 d - 3 potions of heal wounds {unknown}
 i - a potion of cancellation
 j - 2 potions of ambrosia
 o - a potion of curing {unknown}
 u - 2 potions of brilliance {unknown}
 v - a potion of lignification {unknown}
Comestibles
 c - 2 bread rations
 k - 2 beef jerkies
 n - 2 meat rations


   Skills:
 + Level 4.3 Fighting
 - Level 6.1 Polearms
 - Level 0.6 Armour
 - Level 2.6 Dodging
 - Level 2.0 Invocations


You had 3 spell levels left.
You didn't know any spells.

Dungeon Overview and Level Annotations

Branches:
Dungeon (4/15)
 Temple: D:4-7

Altars:
Elyvilon
Fedhas
Makhleb
Pakellas
Trog
Zin

Annotations:
D:3 Grinder


Message History

You are too injured to fight recklessly!
You are too injured to fight recklessly!
You are too injured to fight recklessly!
You are too injured to fight recklessly!
You are too injured to fight recklessly!
You are too injured to fight recklessly!
You are too injured to fight recklessly!
You closely miss Grinder.
Grinder is moderately wounded.
Grinder gestures at you. You resist with significant effort.
You barely miss Grinder.
Grinder is moderately wounded.
Grinder gestures.
Grinder blinks!
Grinder gestures at you.
You suddenly lose the ability to move!
Grinder gestures at you. Pain shoots through your body!
You die...

#.......####
########.... #....
#################
#.............ยง.
###...#...#...#..
#................
#.#.5.#...#...#..
#@...............
#.###############
#.# ########.#####
#.###.....##.....#
#.................
###...............
#...............
#...............
#...............


You could see Grinder.

Vanquished Creatures
  4 adders
  An ooze (D:2)
  A worm (D:3)
  A giant gecko (D:2)
  An orc (D:3)
  A ball python (D:1)
  7 bats
  2 giant cockroaches (D:1)
  5 hobgoblins
  17 jackals
  5 kobolds
  6 giant newts
  7 goblins
  6 rats
  A fungus (D:3)
65 creatures vanquished.

Notes
Turn   | Place    | Note
--------------------------------------------------------------
     0 | Abyss:1  | Reinor the Merfolk Abyssal Knight began the quest for the Orb.
     0 | Abyss:1  | Reached XP level 1. HP: 18/18 MP: 2/2
    60 | D:1      | Escaped the Abyss
   456 | D:1      | Reached skill level 4 in Polearms
   456 | D:1      | Reached XP level 2. HP: 24/24 MP: 3/3
   493 | D:1      | Reached * piety under Lugonu
   895 | D:1      | Reached XP level 3. HP: 29/29 MP: 4/4
   907 | D:1      | Reached skill level 5 in Polearms
  1186 | D:2      | Found a white marble altar of Elyvilon.
  1398 | D:2      | Reached ** piety under Lugonu
  1408 | D:2      | Reached skill level 6 in Polearms
  1408 | D:2      | Reached XP level 4. HP: 21/35 MP: 5/5
  1885 | D:2      | Found a bloodstained altar of Trog.
  2066 | D:3      | Found a blossoming altar of Fedhas.
  2126 | D:3      | Found a burning altar of Makhleb.
  2350 | D:3      | Found an oddly glowing altar of Pakellas.
  2375 | D:3      | Found a glowing silver altar of Zin.
  2523 | D:3      | Noticed Grinder
  2548 | D:3      | Paralysed by Grinder for 7 turns
  2571 | D:3      | HP: 1/38 [Grinder (2)]
  2579 | D:3      | Paralysed by Grinder for 3 turns
  2580 | D:3      | Killed from afar by Grinder

Vault maps used:
D:1:      dpeg_arrival_signposts, feat_on_display
D:2:      elyvilon_altar_3, marbit_many_paths
D:3:      lemuel_round_altar, lemuel_coloured_pillars_altar,
          lemuel_doored_altar, fedhas_altar_3, lemuel_crystal_altar,
          uniq_grinder
D:4:      kennysheep_little_box, uniq_natasha

Action                   |  1- 3 |  4- 6 || total
-------------------------+-------+-------++-------
Melee: Spear             |   130 |   154 ||   284
Invok: Depart the Abyss  |     1 |       ||     1
  Use: Scroll            |     3 |     3 ||     6
 Stab: Sleeping          |     3 |       ||     3
  Eat: Chunk             |     2 |     3 ||     5
